AoeStats
← aradia.urania

Four Lakes

509249290Analyzed
1v1 RM · 7d ago on Sep 26, 2026· 41m 54s· 2 players
Game mode
Random Map
Map size
Tiny (2 player)
Population
200
Speed
Normal
Resources
Standard
Victory
Conquest
Starting age
Dark Age
Ending age
Imperial Age
RankedLock teamsTeams togetherTeam positionsShared explorationLock speedFull tech treeHidden civsTurbo modeCheats
Victory
Defeat
🇨🇦 Varangians · Canada
997
+16
🇨🇱 Vikings · Chile
1006
-16
ptom
0:31 Loom
11:11 Feudal Age
11:39 Double-Bit Axe
11:47 Horse Collar
12:22 Fishing Lines
19:14 Castle Age
17:09 Stone Mining
17:43 Gold Mining
18:43 Forging
19:23 Wheelbarrow
19:29 Scale Barding Armor
20:17 Bow Saw
20:13 Fletching
20:40 Bloodlines
21:26 Stone Shaft Mining
20:59 Husbandry
21:39 Heavy Plow
21:49 Gillnets
23:08 Iron Casting
23:05 Hand Cart
24:24 Chain Barding Armor
25:19 Town Watch
27:02 Treadmill Crane
27:35 Clinker Construction
27:06 Treadmill Crane
28:46 Ballistics
28:21 Murder Holes
29:37 Masonry
32:19 Fervor
33:40 Town Patrol
37:51 Imperial Age
36:53 Bodkin Arrow
38:53 Conscription
39:56 Blast Furnace
39:32 Plate Barding Armor
40:05 Two-Man Saw
38:30 Vendel Legacy
40:07 Architecture
39:42 Siege Engineers
39:58 Carvel Hull
40:25 Bracer
40:29 Cavalier
aradia.urania
9:44 Loom
12:31 Feudal Age
12:57 Double-Bit Axe
13:20 Fishing Lines
18:02 Forging
20:37 Castle Age
19:39 Scale Mail Armor
19:36 Gold Mining
19:31 Horse Collar
20:09 Scale Barding Armor
20:43 Fletching
21:29 Bow Saw
21:21 Heavy Plow
21:17 Stone Mining
22:04 Bodkin Arrow
25:10 Iron Casting
25:26 Gold Shaft Mining
25:42 Squires
28:28 Padded Archer Armor
28:48 Crossbowman
30:25 Leather Archer Armor
33:37 Ballistics
36:09 Imperial Age
38:19 Conscription
41:31 Pikeman
43:14 Blast Furnace
42:31 Chain Mail Armor
Connection lost

Rejoining the realm…

Still unreachable

The connection could not be restored.

Session expired

The server has moved on; the page needs a fresh start.